 Dungeon Crawl Stone Soup version 0.30.0-15-g856e2d3f33 (webtiles) character file.

Game seed: 12881518477822067068

342 Darkkill the Shooter (level 6, -3/53 HPs)
             Began as a Minotaur Hunter on May 19, 2023.
             Succumbed to an orc wizard's poison
             ... on level 5 of the Dungeon.
             The game lasted 00:06:26 (3155 turns).

Darkkill the Shooter (Minotaur Hunter)              Turns: 3155, Time: 00:06:27

Health: -3/53      AC:  4    Str: 15    XL:     6   Next: 30%
Magic:  5/5        EV: 13    Int:  6    God:
Gold:   189        SH:  0    Dex: 16    Spells: 5/5 levels left

rFire   . . .        h - +2 longbow (freeze)
rCold   . . .        (shield currently unavailable)
rNeg    . . .        c - +0 leather armour
rPois   .            (helmet restricted)
rElec   .            (no cloak)
rCorr   .            m - +0 pair of gloves
SInv    .            (no boots)
Will    .....        (no amulet)
Stlth   ++           (no ring)
HPRegen 0.28/turn    (no ring)
MPRegen 0.09/turn

%: no passive effects
@: lethally poisoned (-3 -> -25)
A: horns 2, retaliatory headbutt
a: no special abilities


You were on level 5 of the Dungeon.
You visited 2 branches of the dungeon, and saw 6 of its levels.

You collected 189 gold pieces.

Inventory:

Hand Weapons
 h - a +2 longbow of freezing (weapon)
Missiles
 a - 6 poisoned darts
 d - 6 silver javelins
 e - 58 stones
 n - 5 boomerangs
Armour
 c - a +0 leather armour (worn)
 m - a +0 pair of gloves (worn)
Wands
 k - a wand of flame (22)
Scrolls
 b - 2 scrolls of immolation
 g - 2 scrolls of vulnerability
Potions
 f - a potion of might
 l - 3 potions of lignification
 o - 2 potions of curing {unknown}
 p - 2 potions of brilliance {unknown}
 q - a potion of attraction {unknown}
 t - 2 potions of invisibility {unknown}


   Skills:
 + Level 4.5 Fighting
 + Level 5.6 Ranged Weapons
 + Level 4.1 Dodging
 + Level 2.9 Stealth


You had 5 spell levels left.
You didn't know any spells.
Your spell library contained the following spells:

 Spells                   Type           Power      Damage    Failure   Level
 Frozen Ramparts          Ice            0%         1d1       88%         3
 Tukima's Dance           Hex            0%         N/A       88%         3
 Ice Form                 Ice/Tmut       0%         N/A       99%         4
 Passage of Golubria      Tloc           0%         N/A       99%         4
 Summon Ice Beast         Ice/Summ       0%         N/A       99%         4
 Yara's Violent Unravell  Hex/Tmut       0%         3d3       100%        5


Dungeon Overview and Level Annotations

Branches:
Dungeon (5/15)             Temple (1/1) D:4

Altars:
Kikubaaqudgha
Qazlal
Vehumet


Innate Abilities, Weirdness & Mutations

You have a pair of horns on your head.
You reflexively headbutt those who attack you in melee.


Message History

The arrow closely misses the orc wizard.
The orc shouts!
The orc wizard barely misses you. You furiously retaliate!
You headbutt the orc wizard.
There are monsters nearby!
You shoot an arrow. The arrow barely misses the orc wizard.
The orc wizard casts a spell at you.
You are confused.
There are monsters nearby!
You shoot an arrow.
An orc comes into view. It is wielding a +0 war axe.
The orc wizard hits you but does no damage.
You are poisoned.
There are monsters nearby!
You shoot an arrow. The orc shouts!
You feel sick. The orc wizard casts a spell at you.
You resist with some effort. The orc wizard completely misses you.
There are monsters nearby!
You shoot an arrow. The arrow closely misses the orc.
You feel sick. The orc wizard barely misses you.
The orc hits you with a +0 falchion.
There are monsters nearby!
You feel sick.
You feel sick.
You feel less confused.
You feel sick.
You are no longer poisoned.
The orc wizard barely misses you. The orc hits you with a +0 falchion.
An orc comes into view. It is wielding a +0 club.
The orc closely misses you. You furiously retaliate!
You headbutt the orc.
The orc wizard hits you but does no damage.
You are poisoned.
The orc barely misses you. You furiously retaliate!
You headbutt the orc!
You kill the orc!
The orc hits you but does no damage.
You feel sick.
The orc shouts!
The orc barely misses you.
Things that are here:
a +0 war axe; a +0 scale mail; an orc corpse You feel sick.
The orc barely misses you.
The orc wizard gestures wildly while chanting.
The orc wizard flickers and vanishes!
Deactivating autopickup; reactivate with Ctrl-A.
You feel sick. The orc hits you with a +0 falchion.
You feel sick. The orc hits you with a +0 falchion.
Something hits you but does no damage.
You are more poisoned.
You shoot an arrow. The arrow hits the orc!
The arrow freezes the orc.
You kill the orc!
You feel very sick.
You hear some strange, mumbled words.
You are confused.
The orc barely misses you. Something hits you.
You are more poisoned.
You feel very sick.
You feel very sick. The orc closely misses you. Something hits you.
You are lethally poisoned!
* * * LOW HITPOINT WARNING * * *
You feel very sick. Something hits you but does no damage.
You feel much better.
You feel very sick. Something hits you.
You are more poisoned.
The orc barely misses you.
You feel less confused.
You feel very sick. The orc closely misses you. You furiously retaliate!
You headbutt the orc!
You kill the orc!
Something hits you but does no damage.
You shoot an arrow.
You feel very sick.
You hear some strange, mumbled words.
A puff of flame appears from out of thin air!
The puff of flame hits you! Something hits you.
* * * LOW HITPOINT WARNING * * *
You are lethally poisoned!
You shoot an arrow.
* * * LOW HITPOINT WARNING * * *
You feel extremely sick. Something hits you.
* * * LOW HITPOINT WARNING * * *
You are more poisoned.
You feel much better.
You feel very sick. Something hits you.
* * * LOW HITPOINT WARNING * * *
You are more poisoned.
Blink to where?
Press: ? - help, Q - select action, (/) - cycle Dir - move target
As you read the scroll of blinking, it crumbles to dust.
* * * LOW HITPOINT WARNING * * *
You feel extremely sick.
* * * LOW HITPOINT WARNING * * *
You feel very sick.
There is a stone staircase leading up here.
You die...

######## #....#.## ##
###.....<.#### ###.#
...##....##.# #.... ..#
##@.....####
###....##.####.##......##
........#..#....#..))...#
.......)...#[.###<..†...#
......!.).....#.#.......#
.........)...##........##
........§...##).........#
.........................#
...........[..#...)......#


There were no monsters in sight!

Vanquished Creatures
  A howler monkey (D:5)
  A jelly (D:5)
  A sleepcap (D:4)
  2 orc wizards (D:5)
  7 adders
  A worm (D:4)
  5 dart slugs
  15 orcs
  5 bats
  7 endoplasms
  3 giant cockroaches
  10 goblins
  16 hobgoblins
  3 jackals (D:1)
  3 quokkas
  12 ball pythons
  10 kobolds
  3 rats
105 creatures vanquished.

Notes
Turn   | Place    | Note
-------+----------+-------------------------------------------
     0 | D:1      | Darkkill the Minotaur Hunter began the quest for the Orb.
     0 | D:1      | Reached XP level 1. HP: 18/18 MP: 0/0
    65 | D:1      | Reached skill level 1 in Stealth
    84 | D:1      | Reached XP level 2. HP: 21/25 MP: 1/1
   272 | D:1      | Found a faded altar of an unknown god.
   489 | D:1      | Reached XP level 3. HP: 22/31 MP: 2/2
  1284 | D:2      | Reached XP level 4. HP: 30/38 MP: 3/3
  1462 | D:2      | You fall into a shaft and drop 2 floors!
  1969 | D:3      | Found an ancient bone altar of Kikubaaqudgha.
  1997 | D:3      | Reached skill level 5 in Ranged Weapons
  2216 | D:3      | Found a radiant altar of Vehumet.
  2284 | D:3      | Reached XP level 5. HP: 32/46 MP: 4/4
  2580 | D:3      | Identified a scroll of acquirement
  2580 | D:3      | Acquired a +2 longbow of freezing
  2632 | D:4      | Found a staircase to the Ecumenical Temple.
  2642 | Temple   | Entered the Ecumenical Temple
  3011 | D:5      | Entered Level 5 of the Dungeon
  3037 | D:5      | Reached XP level 6. HP: 43/53 MP: 5/5
  3151 | D:5      | HP: 8/53 [poisoned by an orc wizard]
  3154 | D:5      | HP: 2/53 [poisoned by an orc wizard]
  3155 | D:5      | Succumbed to an orc wizard's poison

Illustrated notes

Levels and vault maps discovered:
D:1:      grunt_arrival_crossed_arrows, layout_basic,
          hellmonk_ecumenical_altar_slurped_away, hangedman_decor_growths,
          minmay_misc_feat_diagonals, minmay_tall_x
D:2:      layout_basic, minivault_19
D:3:      cheibrodos_greedy_goblins, layout_loops_ring, vehumet_crystals,
          nicolae_kikubaaqudgha_miasma_corner
D:4:      layout_cave_pools, minmay_temple_entry_trees
D:5:      layout_cave_pools, mainiacjoe_overflow_alcove_2,
          yredelemnul_altar_generic, makhleb_blood_cavern_becter,
          nicolae_hexahallways, nrook_campfire, nicolae_titane
Temple:   ebering_the_one_and_only

Skill      XL: |  1  2  3  4  5  6 |
---------------+-------------------+-----
Stealth        | 1 2 |  2.9
Fighting       | 3 4 |  4.5
Dodging        | 3 4 |  4.1
Ranged Weapons | 5 |  5.6

Action                     |  1- 3 |  4- 6 || total
---------------------------+-------+-------++-------
   Fire: Shortbow          |   113 |    66 ||   179
         Longbow           |       |    72 ||    72
    Use: Scroll            |     2 |    10 ||    12
         Potion            |       |     3 ||     3
 Armour: Leather armour    |    15 |    25 ||    40
  Dodge: Dodged            |    36 |    70 ||   106

Levels and vault maps discovered:
D:1:      grunt_arrival_crossed_arrows, layout_basic,
          hellmonk_ecumenical_altar_slurped_away, hangedman_decor_growths,
          minmay_misc_feat_diagonals, minmay_tall_x
D:2:      layout_basic, minivault_19
D:3:      cheibrodos_greedy_goblins, layout_loops_ring, vehumet_crystals,
          nicolae_kikubaaqudgha_miasma_corner
D:4:      layout_cave_pools, minmay_temple_entry_trees
D:5:      layout_cave_pools, mainiacjoe_overflow_alcove_2,
          yredelemnul_altar_generic, makhleb_blood_cavern_becter,
          nicolae_hexahallways, nrook_campfire, nicolae_titane
Temple:   ebering_the_one_and_only

Table legend: (Time is in decaauts)
 A = Elapsed time spent in this place.
 B = Non-inter-level travel time spent in this place.
 C = Inter-level travel time spent in this place.
 D = Time resting spent in this place.
 E = Time spent auto-exploring this place.
 F = Levels seen in this place.
 G = Mean time per level.
                   A        B        C        D        E       F      G
               +--------+--------+--------+--------+--------+-----+--------+
         Total |   3233 |   3097 |    136 |     31 |   2463 |   6 |  538.8 |
       Dungeon |   3223 |   3087 |    136 |     31 |   2463 |   5 |  644.6 |
        Temple |      9 |      9 |      0 |      0 |      0 |   1 |    9.0 |
               +--------+--------+--------+--------+--------+-----+--------+

Top non-repeatable levels by time:
     D:2: 953 daAuts
     D:3: 845 daAuts
     D:1: 826 daAuts
     D:4: 445 daAuts
     D:5: 153 daAuts
  Temple: 9 daAuts

Table legend:
 A = Kills in this place as a percentage of kills in the entire game.
 B = Kills by you in this place as a percentage of kills by you in the entire game.
 C = Kills by friends in this place as a percentage of kills by friends in the entire game.
 D = Other kills in this place as a percentage of other kills in the entire game.
 E = Experience gained in this place as a percentage of experience gained in the entire game.
 F = Experience gained in this place divided by the number of levels of this place that you have seen.
                   A       B       C       D       E      F
               +-------+-------+-------+-------+-------+----------------------
         Total | 100.0 | 100.0 |   N/A |   N/A | 100.0 |  81.5
       Dungeon | 100.0 | 100.0 |   N/A |   N/A | 100.0 |  97.8
               +-------+-------+-------+-------+-------+----------------------
